 Dungeon Sprint DCSS version 0.31-a0-656-gb4d89c20fa (webtiles) character file.

Game seed: 5297860358363158464

4 rocky1 the Changeling (level 1, -9/15 HPs)
             Began as a Demonspawn Shapeshifter on Aug 31, 2023.
             Mangled by a sleepcap (19 damage)
             ... in the Dungeon (Sprint IX: "|||||||||||||||||||||||||||||").
             The game lasted 00:00:06 (25 turns).

rocky1 the Changeling (Demonspawn Shapeshifter)       Turns: 25, Time: 00:00:06

Health: -9/15      AC:  2    Str: 14    XL:     1   Next: 58%
Magic:  1/1        EV:  2    Int: 11    God:
Gold:   0          SH:  0    Dex: 12    Spells: 0/0 levels left

rFire   . .          .
                       - Unarmed
rCold   . . .        (no shield)
rNeg    . . .        a - +0 animal skin
rPois   .            (helmet currently unavailable)
rElec   .            (cloak currently unavailable)
rCorr   .            (gloves currently unavailable)
SInv    .            (boots currently unavailable)
Will    .....        (no amulet)
Stlth   +            (no ring)
HPRegen 0.22/turn    (no ring)
MPRegen 0.07/turn

%: no teleportation
@: beast-form, sleeping
A: beast (slay +2)
a: Begin Untransformation


You were in the Dungeon.
You were a hulking beast.
You visited 1 branch

Inventory:

Armour
 a - a +0 animal skin (worn)
Talismans
 c - a beast talisman (active)
 d - a flux talisman
Scrolls
 j - a scroll of blinking
Potions
 b - a potion of lignification
 e - a potion of curing
 f - a potion of heal wounds
 g - a potion of haste
 h - 2 potions of magic
 i - a potion of berserk rage


   Skills:
 + Level 1.0 Fighting
 + Level 1.9 Dodging
 + Level 0.1 Stealth
 + Level 3.1 Unarmed Combat
 + Level 3.5 Shapeshifting


You couldn't memorise any spells.
You didn't know any spells.
Your spell library was empty.

Dungeon Overview and Level Annotations

Branches:
Dungeon (1/1)

Altars:


Message History

You hit the kobold.
The kobold is heavily wounded.
The kobold hits you with a +1 short sword of protection.
You hit the kobold.
You kill the kobold!
The bat hits you but does no damage.
Your Unarmed Combat skill increases to level 3!
You hit the bat.
You kill the bat!
Your Shapeshifting skill increases to level 3!
You hit the endoplasm.
The endoplasm is severely wounded.
The endoplasm hits you.
You hit the endoplasm.
You kill the endoplasm!
You hit the rat.
You kill the rat!
The bat barely misses you.
You hit the bat.
The bat is moderately wounded.
The bat hits you.
You barely miss the bat.
The bat is moderately wounded.
The bat hits you but does no damage.
You hit the bat.
You kill the bat!
Things that are here:
a +1 short sword of protection; a stone; a bat corpse You start resting.
HP restored.
As you open the door, it creaks loudly!
A sleepcap, a worm, a gnoll, an iguana and a hound come into view.
The gnoll shouts!
The hound barks!
The hound stops to sniff the ground.
You hit the sleepcap but do no damage. The sleepcap releases spores at you.
You are engulfed in a cloud of soporific spores!
You fall asleep.
The sleepcap releases spores at you!!
Ouch! That really hurt!
You die...

▓.▓
▓.▓
▓.▓
▓'▓
▓)▓
▓.▓
▓.▓
▓.▓
▓h▓
▓f▓
▓w▓
▓g▓
▓.▓
▓l▓
▓h▓
▓+▓


You could see a sleepcap, a worm, an iguana, a hound and a gnoll.

Vanquished Creatures
  An endoplasm (D)
  A kobold (D)
  2 bats (D)
  A rat (D)
5 creatures vanquished.

Notes
Turn   | Place    | Note
-------+----------+-------------------------------------------
     0 | D        | rocky1 the Demonspawn Shapeshifter began the quest for the
                  | Orb.
     0 | D        | Reached XP level 1. HP: 15/15 MP: 1/1
    23 | D        | Noticed a sleepcap
    23 | D        | Noticed an iguana
    23 | D        | Noticed a hound
    25 | D        | Mangled by a sleepcap

Illustrated notes

Levels and vault maps discovered:
D:        linesprint [early_d, line_temple, items_1, d_10, items_2, lair_1,
          lair_end, items_3, orc_1, orc_end, items_4, d_15, swamp_1, shoals_1,
          snake_1, spider_1, d_20, vaults_1, items_5, swamp_end, shoals_end,
          snake_end, spider_end, vaults_end, d_27, items_6, zot_1, zot_end,
          crypt_end, forest_end, elf_end, slime_end, tomb_end, abyss_end,
          pan_hell_end]

Skill      XL: |  1 |
---------------+----+-----
Unarmed Combat | 3 |  3.1
Shapeshifting  | 3 |  3.5
Fighting       | |  1.0
Dodging        | |  1.9
Stealth        | |  0.1

Action                     || total
---------------------------++-------
  Melee: Unarmed           ||    12
   Stab: Sleeping          ||     1
 Armour: Animal skin       ||     2
  Dodge: Dodged            ||     2

Table legend: (Time is in decaauts)
 A = Elapsed time spent in this place.
 B = Non-inter-level travel time spent in this place.
 C = Inter-level travel time spent in this place.
 D = Time resting spent in this place.
 E = Time spent auto-exploring this place.
 F = Levels seen in this place.
 G = Mean time per level.
                   A        B        C        D        E       F      G
               +--------+--------+--------+--------+--------+-----+--------+
         Total |     24 |     24 |      0 |      2 |      0 |   1 |   24.0 |
       Dungeon |     24 |     24 |      0 |      2 |      0 |   1 |   24.0 |
               +--------+--------+--------+--------+--------+-----+--------+

Top non-repeatable levels by time:
       D: 24 daAuts
